AoeStats
← Tavik

Arena

504469178Analyzed
4v4 RM · 27d ago on Sep 5, 2026· 45m 8s· 8 players
Game mode
Random Map
Map size
Large (8 player)
Population
200
Speed
Normal
Resources
Standard
Victory
Conquest
Starting age
Dark Age
Ending age
Imperial Age
RankedLock teamsTeams togetherTeam positionsShared explorationLock speedFull tech treeHidden civsTurbo modeCheats
Victory
Defeat
🇬🇧 Franks · United Kingdom
1354
+14
🇨🇿 Cumans · Czechia
1347
+14
🇳🇱 Khmer · Netherlands
1266
+18
🇺🇸 Bohemians · United States
1235
+19
🇨🇳 Poles · China
1326
-17
🇨🇳 Khmer · China
1303
-16
🇨🇳 Hindustanis · China
1300
-16
🇺🇸 Turks · United States
1288
-16
[LMB] Ginger le Grand
10:36 Feudal Age
14:56 Castle Age
29:44 Wheelbarrow
30:28 Horse Collar
30:34 Double-Bit Axe
33:41 Hand Cart
33:11 Town Watch
35:13 Fortified Wall
福清大冬瓜
10:47 Feudal Age
10:51 Man-at-Arms
18:26 Castle Age
16:46 Double-Bit Axe
17:51 Bloodlines
17:53 Horse Collar
25:27 Wheelbarrow
29:15 Imperial Age
28:38 Scale Barding Armor
29:13 Bow Saw
29:41 Chain Barding Armor
30:58 Two-Man Saw
30:04 Heavy Camel Rider
33:16 Plate Barding Armor
33:02 Grand Trunk Road
33:05 Heavy Plow
33:44 Forging
33:40 Gold Mining
34:15 Conscription
35:51 Iron Casting
37:28 Imperial Camel Rider
38:24 Loom
福州大西瓜
9:40 Feudal Age
11:47 Loom
14:10 Castle Age
12:59 Double-Bit Axe
12:55 Horse Collar
14:48 Bloodlines
21:47 Scale Barding Armor
23:47 Wheelbarrow
24:32 Loom
25:06 Husbandry
25:55 Heavy Plow
26:52 Gold Mining
31:55 Imperial Age
30:03 Hand Cart
30:03 Scale Mail Armor
30:13 Forging
32:04 Stone Mining
32:51 Gold Shaft Mining
32:41 Ballistics
33:39 Chemistry
32:44 Siege Engineers
33:18 Crop Rotation
32:50 Heavy Scorpion
34:18 Double Crossbow
35:26 Conscription
39:37 Hoardings
41:30 Fletching
41:54 Masonry
44:44 Pikeman
45:10 Arson
theron
9:58 Feudal Age
13:47 Castle Age
11:45 Double-Bit Axe
12:00 Horse Collar
15:22 Bow Saw
21:59 Wheelbarrow
23:23 Szlachta Privileges
23:52 Bloodlines
24:06 Scale Barding Armor
24:43 Loom
28:13 Scale Mail Armor
28:33 Chain Barding Armor
30:53 Forging
30:45 Heavy Plow
31:44 Hand Cart
32:11 Iron Casting
36:13 Imperial Age
35:55 Husbandry
38:04 Blast Furnace
36:26 Cavalier
39:13 Conscription
41:08 Crop Rotation
41:51 Fletching
42:12 Town Watch
43:26 Caravan
ShangDynasty11
12:30 Feudal Age
11:30 Loom
13:35 Double-Bit Axe
16:11 Castle Age
13:58 Horse Collar
21:30 Imperial Age
19:35 Bow Saw
21:48 Chemistry
41:57 Wheelbarrow
44:45 Pikeman
Calum1Ltv
10:45 Feudal Age
12:09 Double-Bit Axe
14:46 Castle Age
12:49 Double-Bit Axe
17:14 Bow Saw
22:57 Gold Mining
23:54 Wheelbarrow
29:03 Imperial Age
27:05 Scale Barding Armor
27:34 Forging
28:25 Fletching
29:08 Capped Ram
29:17 Cavalier
30:48 Chain Barding Armor
31:34 Husbandry
33:33 Paladin
35:21 Plate Barding Armor
35:26 Iron Casting
36:24 Bodkin Arrow
41:23 Loom
41:23 Town Watch
44:37 Blast Furnace
44:27 Conscription
Damage147
11:30 Feudal Age
14:25 Castle Age
12:28 Double-Bit Axe
12:33 Horse Collar
12:47 Double-Bit Axe
13:22 Gold Mining
15:21 Bow Saw
15:51 Heavy Plow
15:43 Loom
20:50 Town Watch
21:13 Stone Mining
23:17 Wheelbarrow
24:53 Hand Cart
27:33 Gold Shaft Mining
31:42 Imperial Age
30:44 Pikeman
31:27 Scale Mail Armor
31:18 Fletching
31:40 Forging
31:45 Heavy Scorpion
32:28 Double Crossbow
33:33 Chemistry
32:55 Ballistics
33:31 Chain Mail Armor
33:57 Conscription
34:03 Masonry
33:40 Halberdier
35:26 Siege Engineers
35:35 Masonry
37:36 Iron Casting
36:57 Bodkin Arrow
42:59 Arson
Tavik
8:39 Feudal Age
11:39 Horse Collar
11:46 Double-Bit Axe
21:26 Castle Age
19:12 Loom
20:06 Forging
19:56 Scale Mail Armor
21:14 Wheelbarrow
20:47 Scale Barding Armor
21:28 Bloodlines
22:54 Iron Casting
23:00 Chain Barding Armor
31:59 Imperial Age
32:20 Elite Steppe Lancer
33:39 Plate Barding Armor
33:38 Steppe Husbandry
36:03 Hand Cart
35:34 Town Watch
38:03 Light Cavalry
42:19 Hussar
Connection lost

Rejoining the realm…

Still unreachable

The connection could not be restored.

Session expired

The server has moved on; the page needs a fresh start.